AoeStats
← Sp.[R]itep''

Highland

504384679Analyzed
4v4 RM · 26d ago on Sep 5, 2026· 42m 16s· 8 players
Game mode
Random Map
Map size
Large (8 player)
Population
200
Speed
Normal
Resources
Standard
Victory
Conquest
Starting age
Dark Age
Ending age
Imperial Age
RankedLock teamsTeams togetherTeam positionsShared explorationLock speedFull tech treeHidden civsTurbo modeCheats
Victory
Defeat
🇦🇷 Malay · Argentina
916
+15
🇿🇦 Persians · South Africa
826
+18
🇧🇷 Britons · Brazil
793
+20
🇰🇷 Japanese · South Korea
789
+20
🇨🇳 Franks · China
963
-21
🇨🇳 Spanish · China
942
-21
🇨🇳 Poles · China
869
-18
🇹🇼 Sicilians · Taiwan
752
-13
p123321x
12:18 Feudal Age
22:40 Horse Collar
25:09 Castle Age
23:10 Double-Bit Axe
24:35 Stone Mining
24:39 Gold Mining
25:57 Squires
25:17 Pikeman
25:43 Arson
26:01 Scale Mail Armor
26:11 Forging
26:07 Scale Barding Armor
26:21 Bow Saw
27:31 Chain Mail Armor
29:49 Iron Casting
29:35 Chain Barding Armor
31:03 Man-at-Arms
31:29 Gambesons
命格
2:32 Loom
11:52 Feudal Age
16:21 Castle Age
14:53 Double-Bit Axe
15:36 Stone Mining
16:59 Gold Mining
18:58 Wheelbarrow
22:33 Hand Cart
22:49 Bow Saw
23:23 Forging
23:53 Town Watch
25:14 Scale Barding Armor
29:13 Gold Shaft Mining
29:54 Iron Casting
30:54 Chain Barding Armor
34:23 Imperial Age
32:32 Scale Mail Armor
31:57 Pikeman
32:51 Husbandry
33:56 Fletching
35:10 Chain Mail Armor
34:53 Bodkin Arrow
35:06 Squires
35:12 Halberdier
36:06 Cavalier
38:09 Blast Furnace
37:56 Conscription
40:54 Paladin
42:31 Murder Holes
69279406
12:59 Feudal Age
15:47 Wheelbarrow
17:00 Horse Collar
17:54 Scale Barding Armor
20:52 Castle Age
18:56 Double-Bit Axe
20:09 Stone Mining
20:10 Gold Mining
21:47 Town Watch
22:41 Pikeman
Sp.[R]itep''
o_happy
5:16 Loom
11:25 Feudal Age
15:53 Castle Age
13:49 Double-Bit Axe
15:22 Stone Mining
20:28 Horse Collar
25:36 Wheelbarrow
33:50 Imperial Age
31:37 Hand Cart
31:29 Heavy Plow
33:54 Capped Ram
35:08 Conscription
35:48 Scale Mail Armor
35:59 Forging
36:26 Coinage
35:57 Caravan
36:28 Bow Saw
36:37 Elite Samurai
38:29 Hoardings
38:42 Chain Mail Armor
39:02 Iron Casting
GodNeftis
12:49 Feudal Age
18:32 Castle Age
19:33 Husbandry
22:01 Loom
36:58 Double-Bit Axe
39:20 Horse Collar
39:52 Bow Saw
39:37 Gold Mining
42:36 Heavy Plow
Guará
2:04 Loom
12:57 Feudal Age
14:19 Wheelbarrow
14:03 Double-Bit Axe
18:04 Horse Collar
18:13 Fishing Lines
23:09 Castle Age
25:50 Squires
25:12 Pikeman
28:24 Bow Saw
30:34 Scale Mail Armor
30:45 Forging
30:38 Padded Archer Armor
30:28 Fletching
31:23 Hand Cart
32:59 Stone Mining
33:00 Gold Mining
39:03 Imperial Age
37:49 Heavy Plow
41:07 Yeomen
41:47 Gold Shaft Mining
40:42 Elite Longbowman
42:59 Two-Man Saw
43:11 Chemistry
42:32 Ballistics
42:33 Leather Archer Armor
42:14 Bodkin Arrow
hxrsh
10:09 Feudal Age
11:39 Loom
15:11 Castle Age
13:12 Horse Collar
13:20 Double-Bit Axe
15:10 Wheelbarrow
16:06 Bow Saw
16:43 Heavy Plow
24:19 Gold Mining
24:24 Stone Mining
27:07 Scale Barding Armor
27:04 Padded Archer Armor
26:56 Fletching
33:00 Stone Shaft Mining
33:00 Gold Shaft Mining
35:03 Imperial Age
32:57 Hand Cart
33:29 Thumb Ring
32:46 Crossbowman
33:48 Bloodlines
33:51 Husbandry
34:14 Chain Barding Armor
34:01 Bodkin Arrow
34:21 Leather Archer Armor
34:34 Caravan
34:50 Elite War Elephant
37:02 Two-Man Saw
35:34 Cavalier
37:00 Plate Barding Armor
38:36 Savar
40:58 Kamandaran
41:35 Hoardings
40:31 Sappers
Connection lost

Rejoining the realm…

Still unreachable

The connection could not be restored.

Session expired

The server has moved on; the page needs a fresh start.